Map: Echo LE (Void)

Players

Javert

  • Race: Zerg Zerg
  • League: Grandmaster

Wanko - Winner!

  • Race: Protoss Protoss
  • League: Grandmaster

VOD

Have the link to the VOD?

Description

Time

  • Played on: June 30, 2015, 12:01 a.m.
  • Length: 2:13
Show
View Real Time Build Order
Export as new Build Order

Javert Zerg 

Build Orders: Hatch First 

Get SALT Encoding   

  12  0:01  Drone  
  13  0:12  Overlord  
  13  0:17  Drone  
  14  0:31  Drone x2  
  16  0:49  Hatchery  
  15  0:53  Drone  
  16  0:58  Extractor  
  16  0:59  Drone  
  16  1:06  Drone  
  17  1:16  Spawning Pool  
  16  1:31  Drone x2  
  16  1:32  Drone  
  19  1:46  Drone  
  20  1:56  Drone  
  20  2:05  Spine Crawler  
Show
View Real Time Build Order
Export as new Build Order

Wanko Protoss - Winner!

Build Orders: Cannon Rush 

Get SALT Encoding   

  12  0:01  Probe  
  13  0:15  Pylon  
  13  0:19  Probe  
  14  0:33  Probe (Chrono Boost)  
  15  0:36  Forge  
  15  0:45  Probe (Chrono Boost)  
  16  0:53  Probe (Chrono Boost)  
  17  1:02  Probe  
  18  1:09  Pylon  
  18  1:14  Pylon  
  18  1:20  Probe  
  19  1:27  Photon Cannon  
  18  1:44  Photon Cannon  
  18  1:45  Photon Cannon  
  18  1:52  Photon Cannon  
Tags
 
Add a new tag
Caveats
  • Supply blocks, unpowered buildings, or Contaminate may cause inaccurate times.
  • Supply counts are checked every 10 seconds.